 Dungeon Crawl Stone Soup version 0.30.1-11-g7821555f0a (webtiles) character file.

Game seed: 5927804389339594986

392 lonewolfV2 the Ducker (level 6, 0/48 HPs)
             Began as a Demonspawn Fighter on Oct 30, 2023.
             Slain by a gnoll
             ... wielding a +0 spear
              (6 damage)
             ... on level 5 of the Dungeon.
             The game lasted 00:04:54 (4090 turns).

lonewolfV2 the Ducker (Demonspawn Fighter)          Turns: 4090, Time: 00:04:55

Health: 0/48       AC: 10    Str: 16    XL:     6   Next: 50%
Magic:  6/6        EV:  8    Int: 16    God:
Gold:   360        SH:  8    Dex: 14    Spells: 5/5 levels left

rFire   . . .        a - +1 war axe
rCold   . . .        c - +0 buckler
rNeg    . . .        o - +0 chain mail
rPois   .            (helmet restricted)
rElec   .            (no cloak)
rCorr   .            (no gloves)
SInv    .            (no boots)
Will    .....        (no amulet) Stlth
                     h - +6 ring of intelligence
HPRegen 0.28/turn    (no ring)
MPRegen 0.10/turn

%: no passive effects
@: studying Throwing
A: antennae 2, rugged brown scales 1, condensation shield
a: no special abilities


You were on level 5 of the Dungeon.
You visited 1 branch of the dungeon, and saw 5 of its levels.

You collected 360 gold pieces.

Inventory:

Hand Weapons
 a - a +1 war axe (weapon)
Missiles
 j - a throwing net (quivered)
Armour
 c - a +0 buckler (worn)
 o - a +0 chain mail (worn)
Jewellery
 h - a +6 ring of intelligence (left hand)
Wands
 b - a wand of polymorph (8)
Scrolls
 e - a scroll of noise {unknown}
Potions
 d - a potion of might
 f - a potion of curing {unknown}
 i - a potion of degeneration {unknown}
 k - a potion of mutation {unknown}
 l - a potion of lignification {unknown}
 q - a potion of attraction {unknown}
 r - a potion of brilliance {unknown}


   Skills:
 + Level 3.6 Fighting
 * Level 3.2 Axes
 - Level 4.0 Armour
 - Level 4.0 Dodging
 - Level 2.6 Shields


You had 5 spell levels left.
You didn't know any spells.
Your spell library was empty.

Dungeon Overview and Level Annotations

Branches:
Dungeon (5/15)
 Temple: D:4-7

Altars:


Innate Abilities, Weirdness & Mutations

You have a pair of antennae on your head.
You are partially covered in rugged brown scales. (AC +1, +3% HP)
A meltable shield of frost defends you. (SH +4)


Message History

The gnoll is moderately wounded.
You block the gnoll's attack. The gnoll barely misses you.
You barely miss the gnoll.
The gnoll is moderately wounded.
The gnoll barely misses you. You block the gnoll's attack.
The gnoll hits you from afar with a +0 spear.
* * * LOW HITPOINT WARNING * * *
The gnoll hits you but does no damage.
You hit the gnoll.
The gnoll is heavily wounded.
You block the gnoll's attack.
The gnoll hits you from afar with a +0 spear.
* * * LOW HITPOINT WARNING * * *
Blink to where?
Press: ? - help, Q - select action, (/) - cycle Dir - move target An adder comes into view.
As you read the scroll of blinking, it crumbles to dust.
The adder hisses angrily.
The adder closely misses you. You block the adder's attack.
The adder bites you but does no damage.
You miss the adder. You block the adder's attack.
The adder bites you but does no damage.
You slash the adder!
The adder is almost dead.
The adder closely misses you.
You miss the adder.
The adder is almost dead.
The adder bites you but does no damage. You block the adder's attack.
You barely miss the gnoll.
The gnoll is heavily wounded.
You hit the adder.
You kill the adder!
The gnoll hits you but does no damage. The gnoll barely misses you.
The gnoll hits you but does no damage.
You slash the gnoll!
You kill the gnoll!
The gnoll hits you from afar with a +0 spear.
* * * LOW HITPOINT WARNING * * *
The gnoll hits you with a +0 spear.
You die...

#...$....
#######.......#
..............#
..............#
..............#
..............#
########.......# #####
#.g.....)#.....#
#.....#@###..###.#####{
#.†.# #....#.#...#
#.### #....#.....# #+
#....#.....###
#.......<.....
#...##.######.
#.............
#.##########.# ...


You could see a gnoll.

Vanquished Creatures
  A black bear (D:4)
  A scorpion (D:4)
  A hound (D:4)
  An orc wizard (D:4)
  3 gnolls (D:5)
  7 adders
  A shadow imp (D:5)
  3 worms
  3 dart slugs
  4 orcs (D:4)
  8 endoplasms
  5 giant cockroaches
  4 goblins
  5 hobgoblins
  4 quokkas
  9 ball pythons
  3 bats
  5 frilled lizards
  3 kobolds
  7 rats
78 creatures vanquished.

Notes
Turn   | Place    | Note
-------+----------+-------------------------------------------
     0 | D:1      | lonewolfV2 the Demonspawn Fighter began the quest for the
                  | Orb.
     0 | D:1      | Reached XP level 1. HP: 18/18 MP: 1/1
   281 | D:1      | Reached skill level 1 in Dodging
   289 | D:1      | Gained mutation: You have a pair of small antennae on your
                  | head. [demonic ancestry]
   289 | D:1      | Reached XP level 2. HP: 24/24 MP: 2/2
   934 | D:2      | Gained mutation: A meltable shield of frost defends you.
                  | (SH +4) [demonic ancestry]
   934 | D:2      | Reached XP level 3. HP: 27/29 MP: 3/3
  1177 | D:2      | Identified the +0 robe of Ocas {Harm Dex+4}
  1467 | D:2      | You fall into a shaft and drop 2 floors!
  1534 | D:4      | Gained mutation: You are partially covered in rugged brown
                  | scales. (AC +1, +3% HP) [demonic ancestry]
  1534 | D:4      | Reached XP level 4. HP: 27/36 MP: 4/4
  1570 | D:4      | Noticed a black bear
  1588 | D:4      | Killed a black bear
  1589 | D:4      | Gained mutation: You have a pair of antennae on your head.
                  | [demonic ancestry]
  1589 | D:4      | Reached XP level 5. HP: 14/42 MP: 5/5
  2842 | D:2      | Found a faded altar of an unknown god.
  3042 | D:4      | Reached XP level 6. HP: 48/48 MP: 6/6
  4048 | D:5      | Entered Level 5 of the Dungeon
  4090 | D:5      | Slain by a gnoll

Illustrated notes

Levels and vault maps discovered:
D:1:      noname_arrival_rooms_in_the_neighbourhood, layout_basic,
          nicolae_titane
D:2:      layout_basic, shapermc_ecumenical_altar_mp_vishouse
D:3:      layout_basic, minmay_crystal_room, reono_crystal_passage
D:4:      layout_basic
D:5:      layout_basic, minmay_temple_entry_glass, serial_aquarium,
          aquarium_bridge_straight [aquarium_subvault_bridge,
          aquarium_subvault_window, aquarium_subvault_bridge,
          aquarium_subvault_window], aquarium_bridge_long_separate
          [aquarium_subvault_window, aquarium_subvault_bridge,
          aquarium_subvault_wall, aquarium_subvault_bridge,
          aquarium_subvault_bridge, aquarium_subvault_wall],
          aquarium_window_fake, aquarium_window_2, aquarium_view_2c

Skill      XL: |  1  2  3  4  5  6 |
---------------+-------------------+-----
Dodging        | 1 2 3 4 |  4.0
Armour         | 3 4 |  4.0
Axes           | 2 3 |  3.2
Fighting       | |  3.6
Shields        | |  2.6

Action                     |  1- 3 |  4- 6 || total
---------------------------+-------+-------++-------
  Melee: War axe           |   105 |   146 ||   251
    Use: Scroll            |       |     6 ||     6
 Armour: Scale mail        |    53 |       ||    53
         Chain mail        |     4 |    96 ||   100
  Dodge: Dodged            |    41 |    70 ||   111
  Block: Buckler           |    45 |    84 ||   129
